Map: [ESL] Dragon Scales

Players

Reynor - Winner!

  • Race: Zerg Zerg
  • Spawn Location: 11:00

Krystianer

  • Race: Protoss Protoss
  • Spawn Location: 5:00

Event: ESL SC2 Masters 2023 Summer (Regionals)

VOD

Have the link to the VOD?

Description

Time

  • Played on: May 18, 2023, 10:32 a.m.
  • Length: 8:52

All games in this series

Show
View Real Time Build Order
Export as new Build Order

Reynor Zerg - Winner!

Build Orders: Hatch First 

Get SALT Encoding   

  12  0:00  Drone  
  13  0:12  Overlord  
  13  0:16  Drone  
  14  0:30  Drone x2  
  16  0:48  Hatchery  
  15  0:51  Drone  
  15  0:55  Drone  
  17  0:58  Drone  
  18  1:09  Extractor  
  17  1:14  Spawning Pool  
  17  1:17  Drone  
  17  1:20  Drone  
  18  1:27  Drone  
  19  1:38  Drone  
  20  1:49  Overlord  
  20  2:01  Queen x2, Zergling x4  
  26  2:10  Drone  
  26  2:11  Drone  
  28  2:21  Drone x2  
  30  2:32  Hatchery, Drone  
  30  2:33  Drone  
  31  2:40  Metabolic Boost  
  31  2:42  Drone  
  32  2:45  Overlord  
  32  2:51  Queen  
  32  2:55  Drone  
  32  2:56  Drone  
  36  3:03  Queen  
  36  3:05  Drone  
  39  3:06  Drone  
  39  3:12  Overlord  
  40  3:13  Drone  
  40  3:14  Drone  
  40  3:18  Overlord  
  42  3:20  Zergling x2  
  44  3:27  Zergling x2  
  44  3:30  Drone  
  44  3:31  Queen  
  47  3:36  Drone  
  47  3:40  Queen  
  50  3:42  Drone x3  
  50  3:46  Drone x2  
  55  3:51  Overlord  
  55  3:53  Drone  
  55  3:55  Drone  
  57  3:58  Drone  
  57  3:59  Drone x2  
  57  4:01  Overlord  
  59  4:04  Spore Crawler  
  59  4:07  Drone x2  
  60  4:11  Drone  
  60  4:12  Drone x2  
  60  4:15  Spore Crawler  
  60  4:16  Drone  
  63  4:18  Zergling x2  
  63  4:19  Zergling x2  
  65  4:24  Overlord  
  65  4:25  Drone  
  65  4:26  Drone  
  67  4:33  Lair  
  67  4:34  Evolution Chamber  
  67  4:35  Drone  
  67  4:36  Drone  
  67  4:38  Drone  
  69  4:39  Drone x2  
  69  4:40  Drone  
  72  4:46  Drone x2  
  72  4:47  Drone  
  72  4:48  Drone x2  
  77  4:58  Overlord  
  77  4:59  Drone x2  
  78  5:02  Zerg Missile Weapons Level 1  
  78  5:04  Extractor, Spore Crawler, Roach Warren  
  75  5:07  Drone x3  
  75  5:08  Drone  
  75  5:10  Extractor, Drone x3  
  75  5:14  Overlord  
  81  5:15  Drone  
  81  5:16  Overlord  
  81  5:18  Drone x2  
  84  5:26  Overlord  
  84  5:27  Drone x2  
  84  5:31  Extractor  
  84  5:33  Queen  
  84  5:34  Drone x2  
  87  5:36  Drone  
  87  5:38  Overlord  
  87  5:41  Drone x2  
  87  5:42  Extractor, Hatchery  
  88  5:43  Extractor, Queen  
  89  5:53  Overlord, Glial Reconstitution  
  89  6:00  Overlord  
  89  6:04  Roach  
  89  6:05  Roach x8  
  89  6:11  Roach x4  
  114  6:16  Drone x4  
  112  6:22  Drone  
  113  6:27  Drone x2  
  113  6:29  Roach x2  
  113  6:30  Roach x2  
  122  6:35  Overlord  
  122  6:36  Roach x2  
  122  6:37  Roach  
  128  6:41  Roach x2  
  132  6:50  Roach x2  
  132  6:53  Overlord  
  135  6:57  Roach  
  135  6:58  Roach x4  
  145  7:04  Roach x3  
  145  7:05  Overlord  
  145  7:08  Pneumatized Carapace  
  151  7:09  Overlord  
  151  7:15  Roach x4  
  156  7:20  Ravager x4  
  160  7:24  Roach  
  160  7:27  Ravager x2  
  160  7:28  Drone x3  
  167  7:32  Drone x4, Overseer  
  167  7:34  Ravager  
  167  7:35  Zergling x8  
  176  7:38  Overlord  
  176  7:47  Overlord  
  176  7:51  Overlord  
  174  7:59  Zergling x22  
  170  8:08  Roach x9  
  170  8:10  Zergling x4  
  175  8:18  Ravager x4  
  177  8:22  Roach x3, Zergling x6  
  177  8:28  Roach x2  
  177  8:32  Roach x3  
Show
View Real Time Build Order
Export as new Build Order

Krystianer Protoss 

Build Orders: 1 Gate Expand, Oracle Opening, Archon Immortal, Archon Drop 

Get SALT Encoding   

  12  0:00  Probe  
  13  0:12  Probe  
  14  0:18  Pylon  
  14  0:24  Probe (Chrono Boost)  
  15  0:37  Probe (Chrono Boost)  
  16  0:43  Gateway  
  16  0:45  Probe (Chrono Boost)  
  16  0:46  Assimilator  
  17  0:51  Probe  
  18  1:03  Probe  
  19  1:15  Probe  
  20  1:24  Nexus  
  20  1:34  Cybernetics Core  
  20  1:36  Probe  
  21  1:43  Assimilator  
  21  1:48  Probe  
  21  1:52  Pylon  
  22  2:00  Probe  
  23  2:12  Stargate  
  23  2:13  Probe (Chrono Boost)  
  23  2:15  Adept  
  27  2:24  Probe (Chrono Boost), Warp Gate  
  27  2:30  Probe (Chrono Boost)  
  29  2:37  Probe (Chrono Boost)  
  29  2:41  Probe (Chrono Boost)  
  30  2:45  Adept  
  30  2:46  Probe (Chrono Boost)  
  30  2:48  Probe (Chrono Boost)  
  34  2:52  Probe (Chrono Boost)  
  34  2:54  Probe  
  34  2:56  Oracle (Chrono Boost)  
  39  3:03  Probe  
  40  3:06  Pylon  
  40  3:07  Probe  
  41  3:15  Probe  
  41  3:18  Gateway  
  41  3:19  Probe  
  43  3:25  Oracle (Chrono Boost)  
  46  3:27  Probe  
  46  3:31  Probe  
  48  3:39  Probe  
  49  3:43  Nexus  
  49  3:45  Probe  
  50  3:48  Pylon  
  50  3:52  Probe  
  50  3:54  Assimilator  
  51  3:57  Oracle  
  54  4:06  Probe x2  
  54  4:08  Assimilator  
  56  4:10  Pylon  
  56  4:12  Stalker  
  56  4:15  Adept  
  60  4:18  Probe  
  60  4:19  Probe  
  63  4:32  Probe (Chrono Boost)  
  63  4:35  Twilight Council  
  63  4:36  Probe (Chrono Boost), Forge  
  64  4:41  Probe (Chrono Boost)  
  64  4:44  Probe (Chrono Boost)  
  64  4:45  Pylon  
  66  4:46  Probe (Chrono Boost)  
  66  4:47  Robotics Facility  
  67  4:56  Probe (Chrono Boost)  
  67  4:58  Probe (Chrono Boost)  
  69  5:03  Probe (Chrono Boost)  
  71  5:08  Sentry x2  
  71  5:09  Shield Battery  
  71  5:10  Probe (Chrono Boost)  
  71  5:12  Probe (Chrono Boost)  
  71  5:13  Probe (Chrono Boost), Protoss Ground Weapons Level 1  
  77  5:17  Assimilator x2  
  77  5:19  Probe  
  77  5:20  Probe, Gateway  
  79  5:23  Gateway  
  79  5:25  Probe  
  80  5:31  Probe  
  80  5:33  Gateway  
  80  5:34  Warp Prism (Chrono Boost), Gateway  
  81  5:39  Probe  
  84  5:43  Probe, Templar Archives  
  84  5:44  Probe  
  84  5:47  Pylon  
  86  5:56  Gateway  
  86  5:57  Probe x2, Gateway  
  86  5:58  Probe  
  89  6:04  Pylon  
  89  6:05  Immortal (Chrono Boost)  
  89  6:09  Probe  
  93  6:21  Pylon  
  93  6:22  High Templar x4  
  101  6:27  Archon x2  
  101  6:28  Probe  
  100  6:35  Immortal (Chrono Boost)  
  100  6:36  Nexus  
  100  6:37  Pylon  
  100  6:38  Pylon  
  100  6:39  Charge  
  104  6:40  Probe  
  104  6:41  Probe  
  106  6:47  Probe  
  106  6:52  Probe  
  106  6:54  Probe  
  109  6:58  Pylon  
  109  6:59  Probe, Pylon  
  110  7:05  Immortal (Chrono Boost)  
  110  7:08  Probe  
  115  7:17  Phoenix  
  115  7:20  Psionic Storm  
  115  7:23  Probe x2  
  115  7:25  Photon Cannon  
  115  7:27  Photon Cannon  
  115  7:29  Probe, Shield Battery  
  115  7:30  Photon Cannon  
  115  7:32  Pylon  
  115  7:33  High Templar x4, Assimilator  
  115  7:37  Photon Cannon, Assimilator  
  123  7:38  Shield Battery  
  123  7:39  Shield Battery  
  123  7:41  Immortal (Chrono Boost)  
  127  7:49  Archon x2  
  124  7:53  Zealot x4  
  126  8:02  Probe  
  126  8:04  Probe  
  115  8:08  Pylon  
  115  8:10  Immortal (Chrono Boost)  
  102  8:14  Zealot x2  
  102  8:15  Zealot x4  
  102  8:19  Probe x2  
  118  8:24  Probe, Zealot x2  
  113  8:27  Shield Battery  
  113  8:28  Probe  
  113  8:31  Probe  
  108  8:37  Zealot  
  108  8:38  Probe, Zealot x3  
  108  8:39  Probe  
Tags
 
Add a new tag
Caveats
  • Supply blocks, unpowered buildings, or Contaminate may cause inaccurate times.
  • Supply counts are checked every 10 seconds.